 Dungeon Crawl Stone Soup version 0.14.2 (webtiles) character file.

608033 Amnesiac the Talismancer (level 26, -2/149 HPs)
             Began as a Spriggan Artificer on Feb 10, 2018.
             Was the Champion of Nemelex Xobeh.
             Killed from afar by an ogre mage (52 damage)
             ... with a crystal spear
             ... on Level 1 of the Depths on Feb 11, 2018.
             The game lasted 05:29:21 (66736 turns).

Amnesiac the Talismancer (Spriggan Artificer)      Turns: 66736, Time: 05:29:21

HP  -2/149       AC 13     Str 13      XL: 26   Next: 64%
MP   0/47        EV 28     Int 21      God: Nemelex Xobeh [******]
Gold 1337        SH 18     Dex 15      Spells: 12 memorised, 14 levels left

rFire  + + +     SeeInvis +     v - legendary deck of destruction {drawn: 3}
rCold  + . .     Clarity  .     R - mottled dragon hide
rNeg   . . .     Conserve .     d - +2 buckler {rC+}
rPois  .         rCorr    .     A - +2 hat {rF+}
rElec  +         rRot     .     J - +2 cloak {+Inv}
SustAb . .       Spirit   +     (gloves unavailable)
rMut   .         Warding  .     (boots unavailable)
Saprov . . .     Stasis   .     K - amulet of guardian spirit
MR     +++++                    q - ring of the Eleven Souls {+Inv rElec rF+ Stlth++}
                                G - ring of regeneration

@: repel missiles, sage [Fighting, Spellcasting, Stealth, Invocations, Stealth,
Charms, Conjurations, Fighting, Conjurations, Dodging, Fighting, Stealth,
Fighting, Stealth, Spellcasting, Spellcasting, Translocations, Armour], very
slightly contaminated, drained, very quick, almost entirely resistant to hostile
enchantments, extraordinarily stealthy
A: unfitting armour, claws 1, hooves 1, iridescent scales 1, rugged brown scales
1, yellow scales 1, see invisible, deformed body, fire resistance 1, herbivore
3, speed 3, magic resistance 1, slow metabolism 2
a: Draw One, Peek at Two, Triple Draw, Deal Four, Stack Five, Renounce Religion,
Evoke Invisibility
}: 3/15 runes: serpentine, barnacled, abyssal


You were on level 1 of the Depths.
You worshipped Nemelex Xobeh.
Nemelex Xobeh was exalted by your worship.
You were not hungry.

You visited 8 branches of the dungeon, and saw 42 of its levels.
You visited the Abyss 3 times.
You also visited: Labyrinth, Ice Cave and Volcano.

You collected 5351 gold pieces.
You spent 2586 gold pieces at shops.

Inventory:

Hand weapons
 b - the +9,+8 cutlass "Douxeolua" {drain, rC+}
   (You took it off a deep elf mage on level 3 of the Elven Halls)

   A truly terrible weapon, it drains the life of those it strikes.
   It protects you from cold.
 s - a +2,+3 quick blade
 H - a +3 blowgun
Missiles
 n - 8 throwing nets (quivered)
Armour
 d - a +2 buckler of cold resistance (worn)
 A - a +2 hat of fire resistance (worn)
 J - a +2 cloak of darkness (worn)
 R - a mottled dragon hide (worn)
Magical devices
 l - a wand of teleportation (8)
 t - a wand of digging (5)
 y - a wand of heal wounds (9)
Comestibles
 p - 4 bread rations
Scrolls
 o - 7 scrolls of remove curse {!r}
 F - a scroll of magic mapping {!r}
 M - 8 scrolls of teleportation {!r}
 Y - 2 scrolls of blinking {!r}
Jewellery
 f - an uncursed ring of wizardry
 q - the ring of the Eleven Souls (right claw) {+Inv rElec rF+ Stlth++}
   (You bought it in a shop on level 5 of the Snake Pit)

   [ring of protection from fire]

   It insulates you from electricity.
   It lets you turn invisible.
   It makes you much more stealthy.
 G - a ring of regeneration (left claw)
 K - an amulet of guardian spirit (around neck)
 T - an uncursed ring of teleport control
Potions
 u - 7 potions of curing {!q}
Miscellaneous
 e - a legendary deck of escape {the Portal, drawn: 1}
 g - an ornate deck of summonings {drawn: 2}
 h - an ornate deck of destruction {Venom, left: 5}
 j - a legendary deck of escape {the Alchemist, drawn: 3}
 r - a legendary deck of summonings {drawn: 1}
 v - a legendary deck of destruction {drawn: 3} (in claw)
 w - a legendary deck of escape {drawn: 1}
 x - an ornate deck of escape {Velocity, drawn: 1}
 z - a legendary deck of escape {the Alchemist, drawn: 1}
 B - a legendary deck of destruction {Flame, left: 4}
 C - a legendary deck of summonings {drawn: 4}
 D - a legendary deck of destruction {drawn: 2}
 E - a legendary deck of summonings {drawn: 1}
 I - an ornate deck of escape {the Tomb, left: 5}
 L - an ornate deck of destruction {the Hammer, left: 4}
 N - an ornate deck of summonings {the Pentagram}
 O - a legendary deck of destruction {the Hammer, left: 5}
 P - a legendary deck of summonings {drawn: 1}
 Q - a legendary deck of summonings {drawn: 1}
 S - a legendary deck of escape {the Banshee, left: 5}
 U - a legendary deck of escape {the Banshee, left: 5}
 V - a legendary deck of destruction {the Orb, left: 5}
 X - a legendary deck of summonings {drawn: 1}
Rods
 a - a +9 lightning rod (17/17)
   (You acquired it on level 8 of the Dungeon)


   Skills:
 - Level 17.3(16.1) Fighting
 - Level 15.4(14.2) Short Blades
 - Level 0.1(0.0) Armour
 - Level 19.2(17.9) Dodging
 - Level 15.8(14.6) Stealth
 - Level 9.0(8.0) Shields
 - Level 9.5(8.5) Spellcasting
 - Level 5.7(4.8) Conjurations
 - Level 6.7(5.7) Charms
 - Level 8.2(7.2) Translocations
 + Level 3.2(2.3) Transmutations
 * Level 3.2(2.3) Earth Magic
   Level 1.9(1.1) Invocations
 O Level 27(25.5) Evocations


You had 14 spell levels left.
You knew the following spells:

 Your Spells              Type           Power        Failure   Level  Hunger
a - Apportation           Tloc           #####.....   1%          1    None
b - Passwall              Trmt/Erth      ###.......   10%         3    None
c - Portal Projectile     Tloc           #####.       1%          3    None
d - Summon Butterflies    Summ           #.......     10%         1    None
e - Mephitic Cloud        Conj/Pois/Air  ###.....     14%         3    None
f - Flight                Chrm/Air       ###.......   10%         3    None
g - Stoneskin             Trmt/Erth      ###.......   4%          2    None
h - Passage of Golubria   Tloc           N/A          4%          4    ###....
i - Recall                Summ/Tloc      N/A          6%          3    None
s - Conjure Flame         Conj/Fire      ###.....     10%         3    None
v - Blink                 Tloc           N/A          1%          2    None
z - Repel Missiles        Chrm/Air       ###...       3%          2    None


Dungeon Overview and Level Annotations

Branches:
Dungeon (15/15)            Temple (1/1) D:5             Orc (4/4) D:11
    Elf (3/3) Orc:3          Lair (8/8) D:11         Shoals (5/5) Lair:4
  Snake (5/5) Lair:6        Slime (0/6) Lair:8       Vaults (0/5) D:13
 Depths (1/5) D:15

Altars:
Ashenzari
Cheibriados
Dithmenos
Elyvilon
Fedhas
Kikubaaqudgha
Makhleb
Nemelex Xobeh
Okawaru
Sif Muna
Trog
Vehumet
Xom
Yredelemnul
Zin
The Shining One
Beogh
Jiyva

Shops:
D:6 }   D:12 !   D:13 *   D:15 %   Orc:4 (=***   Elf:3 *   Snake:2 (
Snake:5 *   Depths:1 %

Annotations:
D:4 exclusion: downstairs


Innate Abilities, Weirdness & Mutations

You are tiny and cannot use many weapons and most armour.
You have supernaturally acute eyesight.
You are a herbivore.
You cover ground extremely quickly.
You need consume almost no food.
You have sharp fingernails.
You have large cloven feet.
You are partially covered in iridescent scales (AC +4).
You are partially covered in rugged brown scales (AC +1, +3% HP).
You are partially covered in yellow scales (AC +2).
Armour fits poorly on your strangely shaped body.
Your flesh is heat resistant.
You are resistant to hostile enchantments.


Message History

The yaktaur wields an uncursed crossbow.
The yaktaur shoots a bolt.
The bolt hits your hound.
The two-headed ogre completely misses you. x2
Your purple ugly thing pecks the skeletal warrior.
The skeletal warrior completely misses you.
The yaktaur shoots a bolt of penetration.
The bolt of penetration is repelled.
The yaktaur completely misses you. You block the yaktaur captain's attack.
Your red very ugly thing trunk-slaps the skeletal warrior.
An ogre and a two-headed ogre come into view.
Evoke which item? (* to show all) (? for menu, Esc to quit)
Okay, then.
Wield which item (- for none, * to show all)? (? for menu, Esc to quit)
v - a legendary deck of destruction {drawn: 1} (in claw)
The two-headed ogre moves out of view.
Your purple ugly thing pecks the skeletal warrior.
A two-headed ogre comes into view. It is wielding two giant spiked clubs.
Throwing (i - inventory):
n - 8 throwing nets (quivered)
Press: ? - help, Shift-Dir - straight line, f/p - yaktaur captain
Aim: a yaktaur captain (lightly wounded)
Okay, then.
You draw a card...
It is Vitriol.
You have drawn Vitriol.
Press: ? - help, Shift-Dir - straight line, f/p - yaktaur captain
Aim: a yaktaur captain (lightly wounded)
The acid hits the yaktaur captain.
The yaktaur captain writhes in agony as its flesh is eaten away!
The yaktaur captain is heavily wounded.
The yaktaur shoots a bolt.
The bolt hits your hound.
Your hound dies!
Your hound's corpse disappears in a puff of smoke!
The two-headed ogre misses you. You block the two-headed ogre's attack.
You block the yaktaur captain's attack. The yaktaur completely misses you.
The yaktaur shoots a bolt of penetration.
The bolt of penetration pierces through your +2 buckler of cold resistance!
The bolt of penetration is repelled.
The skeletal warrior completely misses you.
Your red very ugly thing trunk-slaps the skeletal warrior but does no damage.
Your purple ugly thing pecks the skeletal warrior.
An ogre and a two-headed ogre come into view.
You draw a card...
It is Pain.
You have drawn Pain.
Your body is wracked with pain!
* * * LOW HITPOINT WARNING * * *
The yaktaur captain convulses!
Your hound convulses!
The stone giant convulses!
Your red very ugly thing convulses!
The two-headed ogre convulses!
The yaktaur convulses!
Your purple ugly thing convulses!
The yaktaur convulses!
The ogre mage convulses!
The ogre convulses!
The yaktaur convulses!
The two-headed ogre convulses!
The two-headed ogre convulses!
The ogre convulses!
The two-headed ogre convulses!
The ogre convulses!
Nemelex Xobeh grants you a gift! Something appears at your feet!
The ogre hits your purple ugly thing with a giant club!
Your purple ugly thing dies!
Your purple ugly thing's corpse disappears in a puff of smoke!
The yaktaur captain completely misses you.
You block the yaktaur's attack.
The ogre mage points at you and mumbles some strange words.
The crystal spear hits you!
You die...
Your body glows with a rainbow of weird colours and disappears.

c........
##....O.O..... ...
..O........ ...#
..O.O...#..
#....##....>$....
.##. #...#.........
.....#.cOcOD........
.......c.O§(((.......
.......c@zh..C.......
##....#..u..%%()....
#.. ##.....#(..... .
. #.......>.§... ..
.............. ...
.............. ....
....(.......( .......
.......... ........
..... .........


You could see a stone giant, a yaktaur captain (bleeding), a skeletal warrior,
an ogre mage, 3 yaktaurs, 4 two-headed ogres, 3 ogres, a friendly bone dragon, a
friendly red very ugly thing and a friendly hound.

Vanquished Creatures
  Nikola (Snake:3)
  A lich (Abyss:1)
  2 deep elf blademasters (Elf:3)
  2 deep elf master archers (Elf:3)
  An Executioner (Depths:1)
  A tentacled starspawn (Abyss:1)
  Rupert (Snake:2)
  Frances (Snake:2)
  3 krakens
  7 greater nagas
  Ilsuiw (Shoals:5)
  Maud (Lair:5)
  2 deep elf sorcerers (Elf:3)
  Aizul (Elf:3)
  An emperor scorpion (Depths:1)
  A cacodemon (Depths:1)
  Gastronok (D:10)
  A reaper (D:13)
  A stone giant (Depths:1)
  3 deep elf demonologists (Elf:3)
  3 wizards (Abyss:3)
  7 deep elf annihilators (Elf:3)
  2 lorocyprocas
  Snorg (Orc:4)
  14 merfolk javelineers
  10 merfolk impalers
  2 minotaurs
  2 deep elf high priests (Elf:3)
  A green death (Abyss:1)
  7 deep elf death magi (Elf:3)
  Fannar (Orc:3)
  3 vault guards (D:13)
  An ettin (D:15)
  A siren (Shoals:5)
  2 ice dragons (IceCv)
  2 spectral elves (Elf:3)
  A rakshasa (Abyss:1)
  Nessos (Orc:3)
  2 alligator snapping turtles
  Erica (Orc:3)
  6 merfolk aquamancers
  7 hydras
  4 satyrs
  A vampire mage (Depths:1)
  19 death yaks (Lair:8)
  2 tengu warriors (D:15)
  5 anacondas
  Urug (D:12)
  10 naga warriors
  11 naga sharpshooters
  A sun demon (Abyss:2)
  A very ugly thing (Depths:1)
  6 shock serpents
  2 wretched stars (Abyss:1)
  3 catoblepae (Lair:8)
  8 deep elf knights
  5 centaur warriors
  A titan skeleton (Abyss:1)
  An iron troll (Depths:1)
  4 hell knights (Depths:1)
  An ogre mage (D:15)
  A large abomination (Abyss:1)
  7 deep elf summoners
  18 sea snakes
  2 unseen horrors
  An ice statue (IceCv)
  3 hill giants
  A giant orange brain (Depths:1)
  A salamander mystic (Snake:2)
  4 water nymphs
  Pikel (D:9)
  A deep troll (Depths:1)
  Joseph (Orc:1)
  8 fauns
  3 orc sorcerers
  14 griffons
  19 harpies
  4 necromancers
  2 sixfirhies (Elf:3)
  10 deep elf conjurers
  11 salamanders
  3 orc knights
  A phantasmal warrior (Depths:1)
  The ghost of Amnesiac the Fetichist, an experienced SpAr of Nemelex Xobeh (D:7)
  6 naga ritualists
  3 elephants (Lair:7)
  30 black mambas
  An efreet (D:13)
  23 naga magi
  A smoke demon (Abyss:2)
  2 molten gargoyles (Volcano)
  5 cyclopes
  5 spiny frogs
  2 gargoyles
  A guardian serpent (Abyss:1)
  4 starcursed masses
  An elf (shapeshifter) (Elf:1)
  9 mana vipers
  A hydra zombie (D:12)
  3 yaktaurs (Depths:1)
  A freezing wraith (Abyss:2)
  4 komodo dragons
  8 deep elf priests
  10 mermaids
  45 merfolk
  A red devil (Abyss:2)
  A centaur skeleton (D:12)
  A two-headed ogre (D:14)
  A fire drake (Lair:8)
  A blue devil (Elf:3)
  6 manticores
  2 wandering mushrooms (D:8)
  Prince Ribbit (D:5)
  2 hydra skeletons
  6 trolls
  A griffon zombie (D:12)
  2 kobold demonologists (D:13)
  16 deep elf magi
  2 basilisks (Lair:8)
  12 snapping turtles
  6 sharks
  11 blink frogs
  A boulder beetle (Lair:7)
  A brown ooze (Orc:3)
  2 vampires
  2 wraiths
  13 yaks
  2 hill giant zombies (D:12)
  4 fire bats (Volcano)
  2 flying skulls (D:12)
  10 water elementals
  2 wyverns
  17 deep elf fighters
  A steam dragon (D:14)
  A black mamba skeleton (Snake:5)
  A chaos spawn (Abyss:1)
  6 hippogriffs
  11 ugly things
  4 wargs
  6 hungry ghosts
  A hell hound (Abyss:1)
  2 hill giant skeletons
  2 wind drakes
  2 mottled dragons
  9 wolves
  A neqoxec (Abyss:1)
  7 necrophages
  3 soldier ants
  A vampire mosquito (Depths:1)
  21 water moccasins
  4 porcupines
  A small abomination (Abyss:1)
  6 ice beasts
  39 nagas
  A swamp drake (Lair:7)
  A giant goldfish (Lair:1)
  24 orc warriors
  5 sky beasts
  3 slaves (D:9)
  3 phantoms
  A boring beetle (Lair:8)
  The ghost of Amnesiac the Charlatan, an average SpAr (D:4)
  10 ogres
  6 crocodiles
  21 centaurs
  A black bear (D:7)
  9 lava worms (Volcano)
  3 lost souls (Elf:3)
  4 giant slugs
  A brain worm (Abyss:1)
  13 giant frogs
  2 big kobolds
  A yaktaur zombie (D:12)
  A komodo dragon skeleton (D:9)
  A yaktaur skeleton (D:12)
  8 spiders (Snake:5)
  A tengu simulacrum (D:15)
  3 scorpions
  2 troll zombies (D:11)
  A wyvern skeleton (D:9)
  5 cyclops skeletons
  2 hippogriff zombies
  20 killer bees
  A yak zombie (D:11)
  5 electric eels
  8 crimson imps
  2 oklob saplings (D:8)
  9 wights
  2 hippogriff skeletons
  A centaur zombie (D:10)
  An elf zombie (D:9)
  10 hounds
  5 jellies
  4 goliath beetles
  2 quasits
  3 giant frog zombies
  3 iguanas
  2 lava snakes (Volcano)
  A basilisk skeleton (D:10)
  An elf skeleton (D:12)
  A giant frog skeleton (D:12)
  16 orc priests
  A two-headed ogre skeleton (D:11)
  34 orc wizards
  15 worker ants
  A brain worm zombie (D:12)
  21 sheep
  7 ogre zombies
  2 mottled dragon skeletons
  A worker ant zombie (D:9)
  30 adders
  20 orc zombies
  A gnoll (D:1)
  3 giant mites
  37 green rats
  2 white imps (Abyss:1)
  3 shadow imps
  2 worms
  An adder skeleton (D:6)
  8 orc skeletons
  6 giant eyeballs
  The ghost of Amnesiac the Charlatan, a weakling SpAr (D:3)
  6 giant geckos
  142 orcs
  26 goblins
  27 hobgoblins
  23 jackals
  10 quokkas
  3 ball pythons
  39 bats
  3 giant cockroaches
  A giant mite zombie (D:7)
  11 giant newts
  3 giant spores
  A goblin zombie (D:11)
  3 hobgoblin zombies
  23 kobolds
  A kobold zombie (D:5)
  28 rats
  A rat skeleton (D:5)
  A rat zombie (D:7)
  11 ballistomycetes
  A fungus (Elf:3)
  8 plants
1534 creatures vanquished.

Vanquished Creatures (collateral kills)
  The ghost of theanonym the Executioner, a mighty MiBe of Trog (Snake:5)
  2 tentacled monstrosities (Abyss:1)
  3 tentacled starspawn (Abyss:1)
  A deep elf sorcerer (Elf:3)
  The ghost of Amnesiac the Evocator, a powerful SpAr of Nemelex Xobeh (Elf:1)
  2 deep elf demonologists (Elf:3)
  3 deep elf annihilators (Elf:3)
  2 deep elf death magi (Elf:3)
  A merfolk impaler (Shoals:1)
  A vault guard (D:13)
  4 naga warriors (Snake:5)
  The ghost of Amnesiac the Fetichist, a powerful SpAr of Nemelex Xobeh (Lair:3)
  A deep troll shaman (Depths:1)
  A deep troll earth mage (Depths:1)
  3 spectral elves (Elf:3)
  A soul eater (Snake:5)
  2 very ugly things
  4 naga sharpshooters
  7 large abominations
  A salamander mystic (Volcano)
  2 wretched stars (Abyss:1)
  A centaur warrior (D:13)
  An iron troll (Depths:1)
  A spatial maelstrom (Abyss:3)
  A deep elf knight (Elf:3)
  A giant orange brain (Abyss:1)
  A deep troll (Depths:1)
  A naga ritualist (Snake:5)
  An ice statue (IceCv)
  A hellion (Abyss:1)
  2 sea snakes (Shoals:5)
  An orc knight (Orc:3)
  A griffon (Lair:3)
  A worldbinder (Abyss:3)
  A salamander (Volcano)
  2 smoke demons
  2 mermaids
  2 hill giants (D:13)
  A shock serpent skeleton (Abyss:3)
  A sixfirhy (Abyss:1)
  A naga mage (Snake:5)
  A black mamba (Lair:7)
  4 spiny frogs
  2 fire drakes
  2 red devils (Abyss:2)
  A queen bee (Lair:3)
  2 polar bears
  A yaktaur (Depths:1)
  2 trolls
  A komodo dragon (Lair:1)
  4 ancient zymes
  2 raiju
  4 blink frogs
  5 sharks
  5 deep elf magi (Elf:3)
  4 ugly things
  A neqoxec (Abyss:2)
  A shadow (Abyss:2)
  A hungry ghost (D:8)
  5 hippogriffs
  4 nagas
  A steam dragon (D:6)
  A deep elf fighter (Abyss:3)
  A hill giant skeleton (D:12)
  2 necrophages
  3 wolves (Lair:7)
  7 water moccasins
  2 small abominations
  2 vampire mosquitoes
  14 ice beasts (IceCv)
  A soldier ant (Abyss:1)
  5 porcupines
  2 orc warriors
  A soldier ant (shapeshifter) (Elf:3)
  A giant goldfish (Lair:1)
  2 centaurs (Lair:5)
  2 boring beetles (Depths:1)
  9 giant frogs
  A crocodile (Lair:3)
  4 giant slugs
  4 insubstantial wisps
  A cyclops skeleton (D:12)
  An eye of draining (Abyss:3)
  5 wights (Abyss:2)
  A scorpion (D:8)
  26 killer bees
  2 big fish (Lair:4)
  3 crimson imps
  3 quasits (Abyss:2)
  2 electric eels (Lair:1)
  A starcursed mass (Abyss:2)
  A goliath beetle (D:6)
  2 orc priests
  An elf skeleton (Elf:1)
  6 hounds
  2 iguanas (Lair:2)
  3 orc wizards (D:8)
  A worker ant (D:8)
  10 green rats
  4 adders
  A worm (Lair:4)
  An ufetubus (Abyss:2)
  A giant gecko (D:2)
  13 orcs
  A bat (Lair:5)
  2 hobgoblins (D:8)
  4 jackals
  2 quokkas
  A kobold (D:8)
  A lurking horror (Abyss:2)
  4 rats
  2 butterflies
  A fungus (Lair:3)
  A plant (Shoals:1)
  2 starspawn tentacles (Abyss:1)
297 creatures vanquished.

Vanquished Creatures (others)
  3 bone dragons
  A Brimstone Fiend (Snake:5)
  An eldritch tentacle (Abyss:3)
  A blizzard demon (Snake:5)
  3 dancing weapons (Abyss:1)
  9 very ugly things
  3 skeletal warriors
  An orc knight (Orc:4)
  2 griffons
  A spiny frog (Abyss:2)
  An iron devil (Abyss:3)
  A hellwing (Abyss:1)
  5 giant fireflies
  3 polar bears
  A deep elf mage (Elf:3)
  5 basilisks (Elf:3)
  10 yaks
  7 ugly things
  A hell beast (Abyss:2)
  5 hogs
  8 vampire mosquitoes
  3 wolves
  2 chaos spawn
  6 soldier ants
  A naga (IceCv)
  An orc warrior (Orc:4)
  A yellow wasp (D:11)
  A slave (D:9)
  10 black bears
  An elf skeleton (Elf:3)
  2 boring beetles (Abyss:2)
  A giant frog (D:11)
  8 insubstantial wisps
  A quasit (Shoals:5)
  11 hounds
  3 orange rats
  2 sheep
  3 shadow imps
  3 orcs (Orc:4)
  A giant spore (D:8)
  An orc skeleton (Orc:3)
  3 ballistomycetes (D:8)
  A butterfly (D:5)
  2 crawling corpses (Elf:3)
  37 eldritch tentacle segments (Abyss:3)
  2 fungi (Lair:8)
  4 plants (Snake:1)
  17 starspawn tentacles (Abyss:1)
  28 starspawn tentacle segments (Abyss:1)
  16 tentacles
  15 tentacle segments
259 creatures vanquished.

Grand Total: 2090 creatures vanquished

Notes
Turn   | Place    | Note
--------------------------------------------------------------
     0 | D:1      | Amnesiac, the Spriggan Artificer, began the quest for the Orb.
     0 | D:1      | Reached XP level 1. HP: 9/9 MP: 2/2
    27 | D:1      | Reached skill level 1 in Fighting
   346 | D:3      | Noticed an orc wizard
   371 | D:4      | Reached XP level 2. HP: 8/14 MP: 1/5
   482 | D:4      | Noticed an ogre
   482 | D:4      | Noticed an ogre
   498 | D:4      | Killed an ogre
   498 | D:4      | Reached skill level 5 in Evocations
   498 | D:4      | Reached XP level 3. HP: 15/18 MP: 2/8
   498 | D:4      | Reached XP level 4. HP: 19/23 MP: 3/11
   505 | D:4      | Killed an ogre
   505 | D:4      | Reached skill level 6 in Evocations
   505 | D:4      | Reached XP level 5. HP: 21/26 MP: 3/15
   592 | D:4      | Noticed a worker ant
   616 | D:4      | a worker ant (ally) was killed
   639 | D:4      | Noticed a worker ant
   659 | D:4      | Killed a worker ant
   659 | D:4      | Reached skill level 5 in Dodging
   733 | D:4      | Noticed a scorpion
   738 | D:4      | Killed a scorpion
   738 | D:4      | Reached skill level 7 in Evocations
   738 | D:4      | Reached XP level 6. HP: 32/32 MP: 6/18
   739 | D:4      | Noticed a worker ant
   739 | D:4      | Killed a worker ant
   741 | D:4      | Noticed Amnesiac's ghost (average SpAr)
   862 | D:4      | Noticed a worker ant
   868 | D:4      | Noticed a hound
   886 | D:4      | Killed a hound
   897 | D:4      | Killed a worker ant
  1578 | D:5      | Entered Level 5 of the Dungeon
  1617 | D:5      | Found a staircase to the Ecumenical Temple.
  1642 | Temple   | Entered the Ecumenical Temple
  1686 | Temple   | Became a worshipper of Nemelex Xobeh the Trickster
  1817 | D:4      | Killed Amnesiac's ghost
  1817 | D:4      | Reached skill level 8 in Evocations
  1872 | D:4      | Received a gift from Nemelex Xobeh
  2111 | D:1      | Acquired Nemelex Xobeh's first power
  2584 | D:1      | Reached XP level 7. HP: 30/36 MP: 7/21
  4196 | D:2      | Received a gift from Nemelex Xobeh
  4361 | D:3      | Noticed Amnesiac's ghost (weakling SpAr)
  4362 | D:3      | Killed Amnesiac's ghost
  4456 | D:3      | Acquired Nemelex Xobeh's second power
  4518 | D:3      | Killed an orc wizard
  4657 | D:3      | Found an iron altar of Okawaru.
  4945 | D:3      | Noticed an iguana
  5028 | D:3      | Killed an iguana
  5028 | D:3      | Reached skill level 9 in Evocations
  6347 | D:6      | Received a gift from Nemelex Xobeh
  6348 | D:6      | XOM: silly message
  6441 | D:5      | Received a gift from Nemelex Xobeh
  6443 | D:5      | Acquired Nemelex Xobeh's third power
  6837 | D:5      | Reached skill level 1 in Shields
  6837 | D:5      | Reached skill level 10 in Evocations
  6837 | D:5      | Reached XP level 8. HP: 19/42 MP: 24/24
  7019 | D:5      | Received a gift from Nemelex Xobeh
  7090 | D:5      | Noticed Prince Ribbit
  7098 | D:5      | Killed Prince Ribbit
  7391 | D:5      | Acquired Nemelex Xobeh's fourth power
  7428 | D:5      | Received a gift from Nemelex Xobeh
  7671 | D:6      | Found Buop's Gadget Shop.
  8055 | D:6      | Reached skill level 11 in Evocations
  8295 | D:7      | Noticed Amnesiac's ghost (experienced SpAr)
  8296 | D:7      | Paralysed by a giant eyeball for 4 turns
  8459 | D:7      | Received a gift from Nemelex Xobeh
  8643 | D:7      | Acquired Nemelex Xobeh's fifth power
  8648 | D:7      | Received a gift from Nemelex Xobeh
  8676 | D:7      | Reached XP level 9. HP: 23/46 MP: 26/26
  8694 | D:7      | Reached skill level 12 in Evocations
  8695 | D:7      | Received a gift from Nemelex Xobeh
  8722 | D:7      | Paralysed by a giant eyeball for 4 turns
  8752 | D:7      | HP: 2/46 [poisoned by a worker ant]
  8758 | D:6      | HP: 2/46 [poisoned by a worker ant]
  9323 | D:7      | Killed Amnesiac's ghost
  9323 | D:7      | Reached skill level 5 in Fighting
  9410 | D:7      | Noticed a troll
  9470 | D:6      | Reached skill level 13 in Dodging
  9470 | D:6      | Reached skill level 17 in Evocations
  9470 | D:6      | Reached XP level 10. HP: 51/56 MP: 28/31
  9471 | D:6      | Received a gift from Nemelex Xobeh
  9701 | D:7      | Killed a troll
  9870 | D:7      | Reached skill level 1 in Spellcasting
 10823 | D:8      | Received a gift from Nemelex Xobeh
 11332 | D:7      | Received a gift from Nemelex Xobeh
 11501 | D:8      | Identified a scroll of acquirement {!r}
 12098 | D:8      | Received a gift from Nemelex Xobeh
 12186 | D:8      | Reached skill level 18 in Evocations
 12508 | D:8      | Found a blossoming altar of Fedhas.
 12945 | D:9      | Reached XP level 11. HP: 31/59 MP: 32/32
 12951 | D:9      | Received a gift from Nemelex Xobeh
 13238 | D:9      | Noticed Pikel
 13240 | D:9      | Killed Pikel
 14105 | D:10     | Entered Level 10 of the Dungeon
 14230 | D:10     | Received a gift from Nemelex Xobeh
 15271 | D:10     | Noticed a hill giant
 15324 | D:10     | Killed a hill giant
 15448 | D:11     | Noticed Gastronok
 15572 | D:11     | Reached skill level 19 in Evocations
 15842 | D:11     | Noticed a four-headed hydra
 15843 | D:11     | Killed a four-headed hydra
 15846 | D:11     | Received a gift from Nemelex Xobeh
 16118 | D:10     | Killed Gastronok
 16118 | D:10     | Reached skill level 5 in Charms
 16220 | D:10     | Paralysed by a giant eyeball for 4 turns
 16336 | D:11     | Received a gift from Nemelex Xobeh
 16595 | D:11     | Found a staircase to the Orcish Mines.
 16692 | D:11     | Paralysed by a potion of paralysis for 3 turns
 17217 | D:11     | Found a staircase to the Lair.
 17353 | D:12     | Noticed a five-headed hydra
 17387 | D:11     | Noticed an unseen horror
 17394 | D:11     | Killed an unseen horror
 17394 | D:11     | Reached XP level 12. HP: 64/66 MP: 34/34
 17405 | D:11     | Killed a five-headed hydra
 17431 | D:12     | Noticed Urug
 17574 | D:12     | Found Klukhuan's Distillery.
 17583 | D:12     | Learned a level 1 spell: Apportation
 17586 | D:12     | Learned a level 2 spell: Blink
 17591 | D:12     | Learned a level 4 spell: Passage of Golubria
 17595 | D:12     | Learned a level 3 spell: Portal Projectile
 17596 | D:12     | Received a gift from Nemelex Xobeh
 17618 | D:11     | Gained mutation: Your mind is acute. (Int +2) [helix card]
 17643 | D:11     | Gained mutation: Armour fits poorly on your strangely shaped body. [mutagenic glow]
 17644 | D:11     | Gained mutation: You tend to lose your temper in combat. [helix card]
 17644 | D:11     | Received a gift from Nemelex Xobeh
 17662 | D:12     | Killed Urug
 17901 | D:12     | Learned a level 1 spell: Summon Butterflies
 18023 | D:12     | Noticed a necromancer
 18025 | D:12     | Noticed a necromancer
 18026 | D:12     | Killed a necromancer
 18086 | D:12     | Killed a necromancer
 18086 | D:12     | Reached skill level 20 in Evocations
 18231 | D:12     | Reached skill level 1 in Conjurations
 18468 | D:12     | Bought a potion of mutation for 45 gold pieces
 18469 | D:12     | Gained mutation: You can spit poison. [potion of mutation]
 18469 | D:12     | Gained mutation: You are agile. (Dex +2) [potion of mutation]
 18474 | D:12     | Lost mutation: You are agile. (Dex +2) [potion of cure mutation]
 18474 | D:12     | Lost mutation: Armour fits poorly on your strangely shaped body. [potion of cure mutation]
 18474 | D:12     | Lost mutation: You tend to lose your temper in combat. [potion of cure mutation]
 18892 | Orc:1    | Entered Level 1 of the Orcish Mines
 18892 | Orc:1    | Noticed Joseph
 18895 | Orc:1    | Killed Joseph
 18925 | Orc:1    | Received a gift from Nemelex Xobeh
 19104 | Orc:1    | Received a gift from Nemelex Xobeh
 19268 | Orc:1    | Received a gift from Nemelex Xobeh
 19307 | Orc:1    | Found a bloodstained altar of Trog.
 20094 | Orc:3    | Found a staircase to the Elven Halls.
 20126 | Orc:3    | Noticed Nessos
 20132 | Orc:3    | Killed Nessos
 20134 | Orc:3    | Received a gift from Nemelex Xobeh
 20440 | Orc:3    | Noticed Erica
 20450 | Orc:3    | Killed Erica
 20893 | Orc:3    | Noticed Fannar
 20900 | Orc:3    | Killed Fannar
 21169 | Orc:3    | Received a gift from Nemelex Xobeh
 21211 | Orc:3    | Reached skill level 15 in Dodging
 21239 | Orc:3    | Received a gift from Nemelex Xobeh
 21269 | Orc:3    | Found a roughly hewn altar of Beogh.
 21329 | Orc:4    | Entered Level 4 of the Orcish Mines
 21346 | Orc:4    | Found Hoojoyt's General Store.
 21360 | Orc:4    | Bought a +1 cloak of darkness for 231 gold pieces
 21558 | Orc:4    | Found a bloodstained altar of Trog.
 21574 | Orc:4    | Noticed Snorg
 21613 | Orc:4    | Killed Snorg
 21613 | Orc:4    | Reached skill level 21 in Evocations
 21613 | Orc:4    | Reached XP level 13. HP: 26/70 MP: 14/35
 21944 | Orc:3    | Gained mutation: You are agile. (Dex +2) [mutagenic glow]
 22173 | Orc:4    | Received a gift from Nemelex Xobeh
 22886 | Orc:4    | Received a gift from Nemelex Xobeh
 23076 | Orc:4    | Received a gift from Nemelex Xobeh
 23163 | Orc:4    | Found Xeusonuz's Jewellery Emporium.
 23163 | Orc:4    | Found Ercho Shru's Assorted Antiques.
 23166 | Orc:4    | Found Vagealaj's General Store.
 23168 | Orc:4    | Found Skacwoni's Antique Weapon Shoppe.
 23175 | Orc:4    | Bought a scroll of noise for 14 gold pieces
 23625 | Orc:4    | Found Hoojoyt's General Store.
 23749 | Orc:4    | Found a bloodstained altar of Trog.
 23829 | Orc:4    | Reached skill level 5 in Short Blades
 23839 | Orc:4    | Found Xeusonuz's Jewellery Emporium.
 23839 | Orc:4    | Found Ercho Shru's Assorted Antiques.
 23842 | Orc:4    | Found Skacwoni's Antique Weapon Shoppe.
 23844 | Orc:4    | Found Vagealaj's General Store.
 23936 | Elf:1    | Entered Level 1 of the Elven Halls
 24004 | Elf:1    | Reached skill level 5 in Stealth
 24182 | Elf:1    | Noticed Amnesiac's ghost (powerful SpAr)
 24243 | Elf:1    | Killed Amnesiac's ghost
 24558 | Elf:1    | Received a gift from Nemelex Xobeh
 24655 | Elf:1    | Received a gift from Nemelex Xobeh
 25241 | Elf:1    | Lost mutation: You can spit poison. [helix card]
 25241 | Elf:1    | Gained mutation: You have large cloven feet. [helix card]
 25242 | Elf:1    | Lost mutation: You are agile. (Dex +2) [helix card]
 25242 | Elf:1    | Gained mutation: You are partially covered in rugged brown scales (AC +1, +3% HP). [helix card]
 25243 | Elf:1    | Received a gift from Nemelex Xobeh
 25253 | Elf:1    | Reached skill level 10 in Fighting
 25253 | Elf:1    | Reached XP level 14. HP: 76/79 MP: 37/37
 25515 | Elf:2    | Found a radiant altar of Vehumet.
 25522 | Elf:3    | Entered Level 3 of the Elven Halls
 25522 | Elf:3    | Found Xuha's Assorted Antiques.
 26052 | Elf:2    | Reached skill level 10 in Short Blades
 26162 | Elf:2    | Reached skill level 10 in Stealth
 26335 | Elf:1    | Received a gift from Nemelex Xobeh
 26434 | Elf:2    | Received a gift from Nemelex Xobeh
 26715 | Elf:3    | Received a gift from Nemelex Xobeh
 26751 | Elf:3    | Received a gift from Nemelex Xobeh
 26898 | Elf:3    | Received a gift from Nemelex Xobeh
 27006 | Elf:3    | Found an ancient bone altar of Kikubaaqudgha.
 27046 | Elf:3    | Noticed Aizul
 27051 | Elf:3    | Noticed a deep elf blademaster
 27051 | Elf:3    | Received a gift from Nemelex Xobeh
 27055 | Elf:3    | Noticed a deep elf blademaster
 27056 | Elf:3    | Killed Aizul
 27056 | Elf:3    | Reached skill level 5 in Shields
 27105 | Elf:3    | Killed a deep elf blademaster
 27105 | Elf:3    | Reached XP level 15. HP: 39/82 MP: 29/37
 27332 | Elf:3    | Received a gift from Nemelex Xobeh
 27398 | Elf:3    | Killed a deep elf blademaster
 27633 | Elf:3    | Received a gift from Nemelex Xobeh
 27757 | Elf:3    | Noticed a deep elf sorcerer
 27761 | Elf:3    | Noticed a Shadow Fiend
 27786 | Elf:3    | Received a gift from Nemelex Xobeh
 27787 | Elf:3    | Killed a deep elf sorcerer
 27798 | Elf:3    | Received a gift from Nemelex Xobeh
 27803 | Elf:3    | Noticed a deep elf sorcerer
 27807 | Elf:3    | Killed a deep elf sorcerer
 27807 | Elf:3    | Reached skill level 22 in Evocations
 27835 | Elf:3    | Cast into the Abyss (a card of wild magic)
 27964 | Abyss:1  | Received a gift from Nemelex Xobeh
 28020 | Abyss:1  | Noticed a Hell Sentinel
 28109 | Abyss:1  | Noticed a tentacled starspawn
 28367 | Abyss:1  | Noticed a tentacled starspawn
 28442 | Abyss:1  | Noticed a tentacled starspawn
 28609 | Abyss:1  | Received a gift from Nemelex Xobeh
 28618 | Abyss:1  | Gained mutation: Your body is deteriorating. [a card of wild magic]
 28625 | Abyss:1  | Reached XP level 16. HP: 66/79 MP: 35/35
 28628 | Abyss:1  | Reached skill level 23 in Evocations
 28628 | Abyss:1  | Reached XP level 17. HP: 69/82 MP: 36/36
 28628 | Abyss:1  | Received a gift from Nemelex Xobeh
 28729 | Abyss:1  | Received a gift from Nemelex Xobeh
 28737 | Abyss:1  | Noticed a tentacled starspawn
 28820 | Abyss:1  | Noticed a tentacled monstrosity
 28821 | Abyss:1  | Received a gift from Nemelex Xobeh
 28824 | Abyss:1  | Noticed a tentacled starspawn
 28831 | Abyss:1  | Killed a tentacled monstrosity
 28837 | Abyss:1  | Killed a tentacled starspawn
 29007 | Abyss:2  | Received a gift from Nemelex Xobeh
 29035 | Abyss:2  | HP: 1/82 [smoke demon/divine providence (11)]
 29514 | Abyss:2  | Found an iron altar of Okawaru.
 29551 | Abyss:2  | Received a gift from Nemelex Xobeh
 29590 | Abyss:2  | HP: 1/82 [lorocyproca (20)]
 29605 | Abyss:2  | Received a gift from Nemelex Xobeh
 29857 | Abyss:2  | Received a gift from Nemelex Xobeh
 29997 | Abyss:2  | Received a gift from Nemelex Xobeh
 30157 | Abyss:2  | Got a polished trident
 30228 | Abyss:3  | Received a gift from Nemelex Xobeh
 30444 | Abyss:3  | Received a gift from Nemelex Xobeh
 30462 | Abyss:3  | Found a corrupted altar of Lugonu.
 30478 | Abyss:3  | Got an abyssal rune of Zot
 30486 | Abyss:3  | Reached skill level 24 in Evocations
 30554 | Elf:3    | Escaped the Abyss
 30560 | Elf:3    | Received a gift from Nemelex Xobeh
 30683 | Elf:3    | Got an ichor-stained hand axe
 30694 | Elf:3    | Received a gift from Nemelex Xobeh
 30708 | Elf:3    | Noticed a deep elf sorcerer
 30735 | Elf:3    | Killed a deep elf sorcerer
 30883 | Lair:1   | Entered Level 1 of the Lair of Beasts
 31275 | Lair:1   | Got an ancient falchion
 31279 | Lair:1   | Identified the +9,+5 falchion of Obeggor {freeze, +Blink +Rage +Fly MR+} (You found it on level 1 of the Lair of Beasts)
 31372 | Lair:1   | Received a gift from Nemelex Xobeh
 31520 | Lair:1   | Found a dark tunnel.
 31560 | Lair:1   | Got a bloodstained dagger
 31561 | Lair:1   | Identified the cursed +4,+3 dagger of Awkwardness {vamp, rC+ MR+} (You found it on level 1 of the Lair of Beasts)
 31585 | Volcano  | Entered a volcano
 31793 | Volcano  | Found a radiant altar of Vehumet.
 33302 | Lair:2   | Received a gift from Nemelex Xobeh
 33581 | Lair:3   | Noticed Amnesiac's ghost (powerful SpAr)
 33585 | Lair:3   | Killed Amnesiac's ghost
 34210 | Lair:3   | Received a gift from Nemelex Xobeh
 35039 | Lair:4   | Found a staircase to the Shoals.
 35809 | Lair:5   | Noticed Maud
 35815 | Lair:5   | Killed Maud
 35815 | Lair:5   | Reached skill level 25 in Evocations
 36166 | Lair:5   | Found a frozen archway.
 36185 | IceCv    | Entered an ice cave
 36187 | IceCv    | Gained mutation: You have sharp fingernails. [helix card]
 36191 | IceCv    | Received a gift from Nemelex Xobeh
 36561 | IceCv    | Received a gift from Nemelex Xobeh
 36589 | IceCv    | Received a gift from Nemelex Xobeh
 36598 | IceCv    | Your ally Siebyefe died
 36905 | IceCv    | Paralysed by a potion of paralysis for 4 turns
 37239 | Lair:5   | Found a shadowy altar of Dithmenos.
 37513 | Lair:5   | Received a gift from Nemelex Xobeh
 37890 | Lair:6   | Learned a level 3 spell: Flight
 37919 | Lair:6   | Learned a level 3 spell: Conjure Flame
 37923 | Lair:6   | Learned a level 3 spell: Mephitic Cloud
 38009 | Lair:6   | Found a staircase to the Snake Pit.
 38202 | Lair:6   | Identified a manual of Bows
 38776 | Lair:6   | Received a gift from Nemelex Xobeh
 38776 | Lair:6   | Cast into the Abyss (a card of wild magic)
 38860 | Abyss:1  | Noticed a tentacled starspawn
 38870 | Abyss:1  | Killed a tentacled starspawn
 39035 | Abyss:1  | Noticed a lich
 39041 | Abyss:1  | Received a gift from Nemelex Xobeh
 39054 | Abyss:1  | Found a corrupted altar of Lugonu.
 39083 | Abyss:1  | Gained mutation: You occasionally shout uncontrollably. [a neqoxec]
 39094 | Abyss:1  | Received a gift from Nemelex Xobeh
 39095 | Abyss:1  | Noticed a Brimstone Fiend
 39095 | Abyss:1  | Killed a lich
 39107 | Abyss:1  | Received a gift from Nemelex Xobeh
 39283 | Abyss:1  | Noticed a profane servitor
 39348 | Abyss:1  | Noticed a tentacled monstrosity
 39377 | Abyss:1  | Killed a tentacled monstrosity
 39410 | Lair:6   | Escaped the Abyss
 39572 | Lair:6   | Received a gift from Nemelex Xobeh
 39704 | Lair:7   | Received a gift from Nemelex Xobeh
 40547 | Lair:8   | Entered Level 8 of the Lair of Beasts
 40580 | Lair:8   | Reached XP level 18. HP: 48/95 MP: 25/41
 40892 | Lair:8   | Received a gift from Nemelex Xobeh
 40920 | Lair:8   | Reached skill level 26 in Evocations
 41037 | Lair:7   | Lost mutation: You occasionally shout uncontrollably. [helix card]
 41038 | Lair:7   | Lost mutation: Your body is slowly deteriorating. [helix card]
 41041 | Lair:7   | Received a gift from Nemelex Xobeh
 41062 | Lair:7   | Received a gift from Nemelex Xobeh
 41078 | Lair:7   | Received a gift from Nemelex Xobeh
 41090 | Lair:7   | Received a gift from Nemelex Xobeh
 41103 | Lair:7   | Received a gift from Nemelex Xobeh
 41122 | Lair:7   | Received a gift from Nemelex Xobeh
 41759 | Lair:8   | Received a gift from Nemelex Xobeh
 41836 | Lair:8   | Reached skill level 5 in Spellcasting
 41885 | Lair:8   | Received a gift from Nemelex Xobeh
 42020 | Lair:8   | Found a viscous altar of Jiyva.
 42180 | Lair:8   | Found a staircase to the Slime Pits.
 42613 | Lair:8   | Received a gift from Nemelex Xobeh
 42935 | Elf:3    | Noticed a deep elf master archer
 42937 | Elf:3    | Killed a deep elf master archer
 43150 | Elf:3    | Received a gift from Nemelex Xobeh
 43172 | Elf:3    | Received a gift from Nemelex Xobeh
 43435 | Elf:3    | Noticed a deep elf master archer
 43449 | Elf:3    | Killed a deep elf master archer
 43456 | Elf:3    | Received a gift from Nemelex Xobeh
 43473 | Elf:3    | Got a shimmering long sword
 43511 | Elf:3    | Got a smoking cutlass
 43517 | Elf:3    | Identified the +9,+8 cutlass "Douxeolua" {drain, rC+} (You took it off a deep elf mage on level 3 of the Elven Halls)
 43531 | Elf:3    | Learned a level 2 spell: Stoneskin
 43535 | Elf:3    | Learned a level 3 spell: Passwall
 43570 | Elf:3    | Received a gift from Nemelex Xobeh
 43573 | Elf:3    | Reached skill level 27 in Evocations
 43663 | Elf:3    | Received a gift from Nemelex Xobeh
 43697 | Elf:3    | Received a gift from Nemelex Xobeh
 43986 | Elf:3    | Received a gift from Nemelex Xobeh
 44001 | Elf:3    | Got a smoking amber ring
 44067 | Elf:3    | Identified the ring of Dogma {+Blink rF+ Acc+4} (You took it off a deep elf master archer on level 3 of the Elven Halls)
 44276 | Elf:3    | Identified the Volume of Quantum Stones
 44280 | Elf:3    | Got a shimmering dagger
 44281 | Elf:3    | Identified the +6,+4 dagger "Itiliado" {speed, Dex+3} (You found it on level 3 of the Elven Halls)
 44283 | Elf:3    | Received a gift from Nemelex Xobeh
 44296 | Elf:3    | Shuffle card: Str 15[14], Int 12[13], Dex 18[17]
 44716 | Elf:3    | XOM: divination: detect creatures
 44717 | Elf:3    | Received a gift from Nemelex Xobeh
 44736 | Elf:3    | Bought a runed ivory wand for 96 gold pieces
 44736 | Elf:3    | Bought a blackened marble ring for 120 gold pieces
 44812 | Orc:1    | XOM: harmless Tloc miscast
 44816 | Orc:1    | Received a gift from Nemelex Xobeh
 44834 | Orc:1    | Received a gift from Nemelex Xobeh
 44842 | Orc:1    | Received a gift from Nemelex Xobeh
 44859 | Orc:1    | Received a gift from Nemelex Xobeh
 44870 | Orc:1    | Received a gift from Nemelex Xobeh
 44968 | Elf:3    | Bought a plain deck of cards for 336 gold pieces
 45150 | D:6      | Bought a wand of heal wounds (2) for 504 gold pieces
 45150 | D:6      | Bought a plain deck of changes for 196 gold pieces
 45152 | D:6      | Received a gift from Nemelex Xobeh
 45178 | D:6      | Received a gift from Nemelex Xobeh
 45327 | D:10     | Paralysed by a giant eyeball for 4 turns
 45337 | D:10     | Paralysed by a giant eyeball for 2 turns
 45346 | D:10     | Paralysed by a giant eyeball for 2 turns
 45355 | D:11     | Paralysed by a giant eyeball for 4 turns
 45708 | Snake:1  | Entered Level 1 of the Snake Pit
 46096 | Shoals:1 | Entered Level 1 of the Shoals
 47151 | Snake:1  | Received a gift from Nemelex Xobeh
 48041 | Snake:2  | Received a gift from Nemelex Xobeh
 48170 | Snake:2  | Received a gift from Nemelex Xobeh
 48187 | Snake:2  | Gained mutation: You are partially covered in iridescent scales (AC +4). [helix card]
 48188 | Snake:2  | Reached XP level 19. HP: 97/97 MP: 42/42
 48301 | Snake:2  | Received a gift from Nemelex Xobeh
 48491 | Snake:2  | Found Eceneirr's Antique Weapon Shop.
 48821 | Snake:2  | Noticed Frances
 48838 | Snake:2  | Received a gift from Nemelex Xobeh
 48842 | Snake:2  | Killed Frances
 49209 | Snake:3  | Noticed Rupert
 49212 | Snake:3  | Received a gift from Nemelex Xobeh
 49249 | Snake:2  | Killed Rupert
 49383 | Snake:3  | Noticed Nikola
 49395 | Snake:3  | Killed Nikola
 49395 | Snake:3  | Received a gift from Nemelex Xobeh
 49890 | Snake:3  | Received a gift from Nemelex Xobeh
 50296 | Snake:3  | Found a burning altar of Makhleb.
 50897 | Snake:4  | Received a gift from Nemelex Xobeh
 51167 | Snake:4  | Received a gift from Nemelex Xobeh
 51203 | Snake:4  | Received a gift from Nemelex Xobeh
 51212 | Snake:4  | Received a gift from Nemelex Xobeh
 51677 | Snake:5  | Entered Level 5 of the Snake Pit
 51710 | Snake:5  | Noticed theanonym's ghost (mighty MiBe)
 51731 | Snake:5  | Received a gift from Nemelex Xobeh
 51790 | Snake:5  | Received a gift from Nemelex Xobeh
 51813 | Snake:5  | Killed theanonym's ghost
 52561 | Snake:5  | Received a gift from Nemelex Xobeh
 52623 | Snake:4  | Reached XP level 20. HP: 106/106 MP: 43/43
 52627 | Snake:4  | Reached XP level 21. HP: 110/110 MP: 44/44
 52637 | Snake:4  | Gained mutation: You are partially covered in yellow scales (AC +2). [helix card]
 52637 | Snake:4  | Received a gift from Nemelex Xobeh
 52777 | Snake:4  | Received a gift from Nemelex Xobeh
 52892 | Snake:5  | Found Zewus' General Store.
 52920 | Snake:5  | Reached XP level 22. HP: 115/115 MP: 44/44
 52947 | Snake:5  | Received a gift from Nemelex Xobeh
 53031 | Snake:5  | Received a gift from Nemelex Xobeh
 53941 | Snake:5  | Received a gift from Nemelex Xobeh
 54071 | Snake:5  | Received a gift from Nemelex Xobeh
 54089 | Snake:5  | Received a gift from Nemelex Xobeh
 54209 | Snake:5  | Received a gift from Nemelex Xobeh
 54225 | Snake:5  | Reached skill level 15 in Short Blades
 54226 | Snake:5  | Received a gift from Nemelex Xobeh
 54419 | Snake:5  | Received a gift from Nemelex Xobeh
 54425 | Snake:5  | Gained mutation: You are clumsy. (Dex -2) [a card of wild magic]
 54561 | Snake:5  | Got a serpentine rune of Zot
 54720 | Snake:5  | Bought the ring of the Eleven Souls {+Inv rElec rF+ Stlth++} for 874 gold pieces
 54729 | Snake:5  | Received a gift from Nemelex Xobeh
 55390 | Snake:5  | Paralysed by a potion of paralysis for 7 turns
 55418 | Snake:5  | Received a gift from Nemelex Xobeh
 55578 | Snake:5  | Reached XP level 23. HP: 118/124 MP: 45/45
 55584 | Snake:5  | Received a gift from Nemelex Xobeh
 55798 | Snake:5  | Reached XP level 24. HP: 128/131 MP: 46/46
 55815 | Snake:5  | Received a gift from Nemelex Xobeh
 55828 | Snake:5  | Received a gift from Nemelex Xobeh
 55875 | Snake:5  | Received a gift from Nemelex Xobeh
 55879 | Snake:5  | Lost mutation: You are clumsy. (Dex -2) [helix card]
 55885 | Snake:5  | Received a gift from Nemelex Xobeh
 55896 | Snake:5  | Received a gift from Nemelex Xobeh
 55996 | Snake:5  | Reached XP level 25. HP: 139/139 MP: 46/46
 55997 | Snake:5  | Received a gift from Nemelex Xobeh
 56171 | Shoals:1 | Reached skill level 15 in Fighting
 56174 | Shoals:1 | Gained mutation: You are resistant to hostile enchantments. [helix card]
 56182 | Shoals:1 | Received a gift from Nemelex Xobeh
 56797 | Shoals:2 | Reached skill level 5 in Conjurations
 57128 | Shoals:2 | Learned a level 2 spell: Repel Missiles
 57359 | Shoals:2 | Received a gift from Nemelex Xobeh
 57373 | Shoals:2 | Received a gift from Nemelex Xobeh
 57892 | Shoals:3 | Learned a level 3 spell: Recall
 57936 | Shoals:3 | Reached skill level 1 in Invocations
 58013 | Shoals:3 | Received a gift from Nemelex Xobeh
 58685 | Shoals:3 | Reached XP level 26. HP: 136/146 MP: 47/47
 58881 | Shoals:3 | Received a gift from Nemelex Xobeh
 59198 | Shoals:4 | Received a gift from Nemelex Xobeh
 59808 | Shoals:5 | Entered Level 5 of the Shoals
 60187 | Shoals:5 | Received a gift from Nemelex Xobeh
 60245 | Shoals:5 | Noticed Ilsuiw
 60254 | Shoals:5 | Killed Ilsuiw
 60623 | Shoals:5 | Received a gift from Nemelex Xobeh
 60675 | Shoals:5 | Received a gift from Nemelex Xobeh
 60698 | Shoals:5 | Received a gift from Nemelex Xobeh
 60711 | Shoals:5 | Received a gift from Nemelex Xobeh
 60722 | Shoals:5 | Received a gift from Nemelex Xobeh
 60740 | Shoals:5 | Received a gift from Nemelex Xobeh
 60762 | Shoals:5 | Gained mutation: You are highly resistant to hostile enchantments. [mutagenic glow]
 60769 | Shoals:5 | Reached skill level 15 in Stealth
 61067 | Shoals:5 | Got a polished quarterstaff
 61324 | Shoals:5 | Received a gift from Nemelex Xobeh
 61416 | Shoals:5 | Received a gift from Nemelex Xobeh
 61566 | Shoals:5 | Got a barnacled rune of Zot
 63071 | D:13     | Found a gate to the Vaults.
 63165 | D:13     | Found Avunatav's Assorted Antiques.
 63173 | D:13     | Bought an opal ring for 170 gold pieces
 63193 | D:13     | Identified the Collected Works on Assistive Air (You found it on level 13 of the Dungeon)
 63195 | D:13     | Received a gift from Nemelex Xobeh
 63395 | D:13     | Paralysed by a giant eyeball for 3 turns
 63459 | D:13     | Found a labyrinth entrance.
 63466 | Lab      | Entered a labyrinth
 63552 | D:13     | Received a gift from Nemelex Xobeh
 63580 | D:13     | Gained mutation: Your flesh is heat resistant. [helix card]
 63580 | D:13     | Received a gift from Nemelex Xobeh
 63595 | D:13     | Received a gift from Nemelex Xobeh
 63847 | D:13     | Received a gift from Nemelex Xobeh
 64358 | D:14     | Received a gift from Nemelex Xobeh
 64602 | D:14     | XOM: confuse monster(s)
 64610 | D:14     | Cast into the Abyss (drawing a card)
 64610 | Abyss:1  | Found a corrupted altar of Lugonu.
 64632 | Abyss:1  | Reached skill level 1 in Transmutations
 64861 | Abyss:1  | Reached skill level 1 in Earth Magic
 64877 | Abyss:1  | Received a gift from Nemelex Xobeh
 64886 | D:14     | Escaped the Abyss
 65118 | D:14     | Received a gift from Nemelex Xobeh
 65340 | D:15     | Entered Level 15 of the Dungeon
 65356 | D:15     | Found a shadowy altar of Dithmenos.
 65669 | D:15     | Received a gift from Nemelex Xobeh
 65698 | D:15     | Found Kliweoffui's Food Boutique.
 65944 | D:15     | Found a staircase to the Depths.
 65970 | D:15     | Received a gift from Nemelex Xobeh
 66364 | Depths:1 | Entered Level 1 of the Depths
 66365 | Depths:1 | Found Irais' Food Emporium.
 66417 | Depths:1 | Received a gift from Nemelex Xobeh
 66428 | Depths:1 | Shuffle card: Str 13[13], Int 21[23], Dex 15[15]
 66436 | Depths:1 | Received a gift from Nemelex Xobeh
 66459 | Depths:1 | Received a gift from Nemelex Xobeh
 66640 | Depths:1 | Lost mutation: Your mind is acute. (Int +2) [helix card]
 66642 | Depths:1 | Lost mutation: You are highly resistant to hostile enchantments. [helix card]
 66643 | Depths:1 | Received a gift from Nemelex Xobeh
 66705 | Depths:1 | Received a gift from Nemelex Xobeh
 66714 | Depths:1 | Gained mutation: Armour fits poorly on your strangely shaped body. [a cacodemon]
 66723 | Depths:1 | Received a gift from Nemelex Xobeh
 66736 | Depths:1 | Received a gift from Nemelex Xobeh
 66736 | Depths:1 | Killed from afar by an ogre mage

Action                   |  1- 3 |  4- 6 |  7- 9 | 10-12 | 13-15 | 16-18 | 19-21 | 22-24 | 25-27 || total
-------------------------+-------+-------+-------+-------+-------+-------+-------+-------+-------++-------
Melee: Whip              |    35 |   159 |    66 |       |       |       |       |       |       ||   260
       Short sword       |       |     3 |    78 |   401 |       |       |       |       |       ||   482
       Rod               |       |       |       |   853 |       |     9 |     3 |       |       ||   865
       Dagger            |       |       |       |     7 |   444 |  1065 |       |       |       ||  1516
       Unarmed           |       |       |       |       |       |    16 |       |       |    13 ||    29
       Cutlass           |       |       |       |       |       |   226 |   324 |   256 |  1275 ||  2081
       Quick blade       |       |       |       |       |       |       |       |       |    13 ||    13
 Fire: Sling             |       |    12 |   354 |       |       |       |       |       |       ||   366
Throw: Throwing net      |       |       |       |       |       |       |       |       |     1 ||     1
 Cast: Apportation       |       |       |       |       |       |     4 |       |       |       ||     4
       Blink             |       |       |       |       |       |     2 |       |       |       ||     2
       Passwall          |       |       |       |       |       |     2 |     9 |       |     8 ||    19
       Flight            |       |       |       |       |       |       |       |       |    20 ||    20
       Repel Missiles    |       |       |       |       |       |       |       |       |     3 ||     3
       Recall            |       |       |       |       |       |       |       |       |     1 ||     1
Invok: Draw One          |       |       |     4 |     3 |     2 |    29 |    58 |    73 |    18 ||   187
       Stack Five        |       |       |       |       |       |       |       |       |    13 ||    13
       Triple Draw       |       |       |       |       |       |       |       |       |     1 ||     1
 Abil: End Transformatio |       |       |     1 |       |       |     4 |       |       |       ||     5
       Evoke Invisibilit |       |       |       |     1 |    16 |     9 |       |       |    23 ||    49
       Turn Visible      |       |       |       |       |     8 |     3 |       |       |     9 ||    20
       Evoke Flight      |       |       |       |       |       |     2 |       |       |       ||     2
       Evoke Blink       |       |       |       |       |       |     1 |       |       |       ||     1
       Evoke Teleport Co |       |       |       |       |       |     1 |       |       |       ||     1
Evoke: Wand              |     2 |    25 |    25 |    23 |     4 |    35 |     1 |     1 |     5 ||   121
       Deck              |       |       |    67 |    58 |   144 |   432 |    49 |    78 |   191 ||  1019
       Rod               |       |       |       |   196 |       |     7 |     4 |       |       ||   207
  Use: Scroll            |       |       |    12 |    12 |     2 |    26 |    12 |     1 |    16 ||    81
       Potion            |       |       |     3 |     7 |       |    14 |     7 |     1 |       ||    32
 Stab: Sleeping          |       |     3 |     1 |     3 |    23 |    43 |    16 |     2 |   101 ||   192
       Paralysed         |       |       |       |     4 |     6 |    13 |       |       |     1 ||    24
       Distracted        |       |       |       |     1 |     1 |    11 |     1 |     2 |     6 ||    22
       Betrayed ally     |       |       |       |     1 |       |       |       |       |       ||     1
       Invisible         |       |       |       |     3 |    25 |    33 |       |       |    69 ||   130
       Held in net/web   |       |       |       |       |       |       |       |       |     1 ||     1
